[Event "Late-Titled-Tuesday-Blitz-September-26-2023"]
[Site "Chess.com"]
[Date "2023.09.26"]
[Round "5"]
[White "Zhigalko_Sergei"]
[Black "VincentKeymer"]
[Result "1/2-1/2"]
[WhiteElo "2900"]
[BlackElo "3046"]
[TimeControl "180+1"]
[EndTime "14:56:02 PDT"]
[Termination "Game drawn - insufficient material"]

1. e4 c6 2. d4 d5 3. e5 Bf5 4.
Nf3 e6 5. Be2 c5 6. Be3 Qb6 7. Nc3 Nc6 8. dxc5 Bxc5 9. Bxc5 Qxc5 10. Nb5 Kf8 11. Nbd4 Nge7 12. O-O Bg4 13. Re1 g6 14.
Qd2 Nxd4 15. Nxd4 Bxe2 16. Rxe2 Nf5 17. c3 h5 18. Rd1 Rc8 19. Qf4 Qe7 20. g3 a6 21. h4 Kg7 22. Nxf5+ gxf5 23. Rd4 Rhg8 24. c4 Rxc4 25. Rxc4 dxc4 26. Qxc4 Kh7 27. Rd2 Rg4 28. Qc8 Rg8 29. Rd7 Rxc8 30. Rxe7 Kg6 31. Rxb7 f4 32.
Kg2 fxg3 33. fxg3 Rc5 34. b4 Rxe5 35. Kf3 Rf5+ 36. Ke3 Re5+ 37. Kf3 Rd5 38. a4 Rd3+ 39.
Kf2 f6 40. Rb6 e5 41. Rxa6 Kf5 42. b5 Rb3 43. Rc6 Rb4 44. b6 Rxa4 45. b7 Rb4 46. Rc7 Ke4 47. Ke2 Kf5 48. Kf3 Rb3+ 49. Ke2 Ke4 50.
Rh7 f5 51. Kf2 f4 52. gxf4 Kxf4 53. Rxh5 Rxb7 54. Rh8 Rb2+ 55. Kf1 e4 56. h5 Ke3 57.
h6 Rb1+ 58. Kg2 Rb6 59. Kg3 Rg6+ 60. Kh4 Rg1 61. Kh5 Kf4 62. h7 Ke3 63. Kh6 Ke2 64.
Re8 Rh1+ 65. Kg7 e3 66. h8=Q Rxh8 67. Kxh8 Kd2 68. Rxe3 Kxe3 1/2-1/2

[Event "Late-Titled-Tuesday-Blitz-September-26-2023"]
[Site "Chess.com"]
[Date "2023.09.26"]
[Round "5"]
[White "MKlose11"]
[Black "schack_vit"]
[Result "0-1"]
[WhiteElo "2593"]
[BlackElo "2476"]
[TimeControl "180+1"]
[EndTime "14:56:08 PDT"]
[Termination "schack_vit won by checkmate"]

1. e4 c5 2. Nc3 Nc6 3. g3 g6 4. Bg2 Bg7 5. d3 Nf6 6. h3 O-O 7. Be3 Nd4 8. Qd2 Rb8 9. Nd1 b5 10. c3 Ne6 11. d4 cxd4 12. cxd4 d6 13. Ne2 Bb7 14. d5 Nc5 15. f3 b4 16. Nf2 a5 17.
O-O Nfd7 18. Rfe1 Ba6 19. Bd4 Ne5 20. f4 Nc4 21. Qd1 Nxb2 22. Qd2 Nc4 23. Qd1 Bxd4 24.
Nxd4 Qb6 25. e5 Nb2 26. Qd2 Ncd3 27. Nxd3 Qxd4+ 28. Qf2 Qxf2+ 29. Nxf2 a4 30. exd6 exd6 31. Ne4 Rb6 32. Nf6+ Kg7 33. Nd7 Rfb8 34. Nxb8 Rxb8 35. Rec1 Bd3 36. Rc6 b3 37. axb3 axb3 38. Rc7 Na4 39. Ra7 Nc5 40. Bf1 b2 41. Bxd3 bxa1=Q+ 42. Rxa1 Nxd3 43. Ra6 Rb1+ 44. Kg2 Rb2+ 45. Kf3 f5 46. Rxd6 Nf2 47. g4 Nxh3 48. Rd7+ Kg8 49. Rd8+ Kf7 50. Rd7+ Ke8 51. Rxh7 Rb3+ 52. Ke2 Nxf4+ 53. Kd2 fxg4 54. Rh4 Rg3 55. Ke1 Kd7 56. Rh7+ Kd6 57. Kf2 Rf3+ 58. Kg1 Kxd5 59. Rh8 Ke5 60. Rd8 Kf5 61. Re8 Kg5 62. Rf8 g3 63. Rd8 Rc3 64. Rd1 Kg4 65. Kh1 g5 66. Kg1 Rc2 67. Kh1 g2+ 68. Kg1 Nh3+ 69. Kh2 g1=Q# 0-1

[Event "Late-Titled-Tuesday-Blitz-September-26-2023"]
[Site "Chess.com"]
[Date "2023.09.26"]
[Round "5"]
[White "jcibarra"]
[Black "mishanick"]
[Result "1/2-1/2"]
[WhiteElo "2950"]
[BlackElo "3093"]
[TimeControl "180+1"]
[EndTime "14:56:14 PDT"]
[Termination "Game drawn by repetition"]

1. d4 Nf6 2. Nf3 d5 3. c4 e6 4. g3 Be7 5. Bg2 O-O 6. O-O dxc4 7. Qc2 a6 8. a4 Bd7 9. Rd1 Nc6 10. Qxc4 b5 11. Qd3 Nb4 12. Qd2 Bc6 13. Nc3 bxa4 14. Ne5 Bxg2 15. Kxg2 c5 16. Rxa4 Qb8 17. dxc5 Rd8 18.
Qe1 Qxe5 19. Rxb4 Bxc5 20. Rc4 Qc7 21. f3 Qa5 22. Ne4 Qxe1 23. Nxf6+ gxf6 24. Rxe1 Bf8 25. Be3 f5 26. Ra1 Bg7 27. Rc2 Rdb8 28. Ra2 h5 29.
Bd2 Rb6 30. Be3 Rb5 31. Bd2 a5 32. Bc3 Rc5 33. Kf2 Bxc3 34. Rxc3 Rxc3 35. bxc3 Kf8 36.
Ke3 Ke7 37. Kd4 Kd6 38. Kc4 Kc6 39. Kb3 Kb5 40. Rd2 Ra7 41. Rd8 a4+ 42. Kb2 a3+ 43. Ka2 Rc7 44. Kxa3 Rxc3+ 45. Kb2 Re3 46. Rd2 Kc4 47.
Kc2 Ra3 48. Rd7 Ra2+ 49. Kd1 Ra1+ 50. Kd2 Rh1 51. h4 Rh3 52. Rxf7 Rxg3 53. Rh7 Kd4 54. Rxh5 Ke5 55. Ke3 Rg2 56. Rh6 Rh2 57. Rh8 Kf6 58. Kd3 Kg7 59. Rh5 Kg6 60. Rh8 Kg7 61. Rh5 Kg6 62. Rh8 Kf7 63. Rh6 Rh3 64. Ke3 Rh2 65. Kf4 Rxe2 66. h5 Re1 67. Rg6 Rh1 68. Rg5 Kf6 69.
Rg6+ Kf7 70. Rg5 Rh2 71. Ke5 Re2+ 72. Kf4 Rh2 73. Ke5 Rh1 74. Kf4 1/2-1/2

[Event "Late-Titled-Tuesday-Blitz-September-26-2023"]
[Site "Chess.com"]
[Date "2023.09.26"]
[Round "5"]
[White "BlueWizzard"]
[Black "RichardLeyvaP"]
[Result "0-1"]
[WhiteElo "2874"]
[BlackElo "2648"]
[TimeControl "180+1"]
[EndTime "14:56:19 PDT"]
[Termination "RichardLeyvaP won on time"]

1. c4 e5 2. d4 exd4 3. Nf3 c5 4. e3 dxe3 5. Bxe3 Nc6 6. Nc3 Nf6 7. Bd3 Be7 8. O-O O-O 9. Nd5 Nxd5 10. cxd5 Nb4 11. d6 Bf6 12. Bxc5 Nxd3 13. Qxd3 Bxb2 14. Rae1 b6 15. Bd4 Bxd4 16. Qxd4 Ba6 17. Re4 Bxf1 18. Rg4 f6 19. Qd5+ Kh8 20. Nh4 f5 21. Ng6+ hxg6 22.
Rg3 Qh4 23. Kxf1 Rac8 24. Rh3 Qxh3 25. gxh3 Rc6 26. Qe5 Rf6 27. Qe8+ Kh7 28. Qxd7 a5 29. a4 Rfxd6 30. Qe7 Rd2 31. Qh4+ Kg8 32. Qg5 Rcc2 33. Qxg6 Rxf2+ 34. Ke1 Rce2+ 35. Kd1 Rd2+ 36. Ke1 Rfe2+ 37. Kf1 Re5 38. Qxb6 Rdd5 39. h4 f4 40. Kf2 Kh7 41.
Kf3 Rf5 42. Qe6 Rfe5 43. Qb6 Rc5 44. Qb1+ Kh6 45. Qb8 Red5 46. Kg4 Kh7 47. Qb1+ Kg8 48. Qb8+ Kf7 49. Qb6 Rf5 50. Qb3+ Kf8 51. Qf3 Kf7 52.
h5 Kf6 53. h4 Ke6 54. Qe4+ Rfe5 55. Qg6+ Kd5 56. Qf7+ Ke4 57. Qxg7 f3 58. Qf6 Kd4 59.
Qxf3 Re4+ 60. Kg3 Re3 61. h6 Rxf3+ 62. Kxf3 Rh5 63. Kg4 Rxh6 64. Kg5 Rxh4 65. Kxh4 Kc4 66.
Kg4 Kb4 67. Kf4 Kxa4 68. Ke3 Kb3 69. Kd2 Kb2 0-1

[Event "Late-Titled-Tuesday-Blitz-September-26-2023"]
[Site "Chess.com"]
[Date "2023.09.26"]
[Round "5"]
[White "WindWhistler11"]
[Black "PotapovaM"]
[Result "1-0"]
[WhiteElo "2478"]
[BlackElo "2598"]
[TimeControl "180+1"]
[EndTime "14:56:21 PDT"]
[Termination "WindWhistler11 won by checkmate"]

1. Nf3 d5 2. c4 e6 3. b3 d4 4. e3 c5 5. exd4 cxd4 6. Bd3 Nc6 7. O-O Nf6 8. Re1 Be7 9. Bf1 O-O 10. d3 Ne8 11. Na3 f6 12. Nc2 e5 13. g3 Nc7 14. Bd2 a5 15. a3 Bf5 16. Nh4 Be6 17. b4 axb4 18. axb4 Qd7 19. b5 Rxa1 20.
Qxa1 Nd8 21. Qa7 Qc8 22. b6 Nb5 23. Qa4 Nc3 24. Bxc3 dxc3 25. Qb3 Bc5 26. Rb1 Bd4 27. Nf3 Qc5 28. Nfxd4 exd4 29. Qb5 Qe5 30. Re1 Qd6 31. c5 Qc6 32. Nxd4 Qxb5 33. Nxb5 c2 34. Nd4 Bd5 35. Nxc2 Nc6 36. Ne3 Rd8 37. Nf5 Rd7 38. Nd6 h5 39. Bh3 Re7 40. Rxe7 Nxe7 41. Bc8 Nxc8 42. Nxc8 Kf7 43.
Nd6+ Ke6 44. f4 g5 45. Kf2 g4 46. Ke3 Kd7 47. d4 Kc6 48. Nf5 Kd7 49. Ng7 Bf7 50.
Nf5 Kc6 51. Nd6 Bd5 52. f5 Bg8 53. Kf4 Bd5 54. Ne8 Bc4 55. Nxf6 Kb5 56. Nxh5 Kb4 57.
Ke5 Kc3 58. Nf4 Bb5 59. f6 Be8 60. Ke6 Kc4 61. Ke7 Bc6 62. f7 Kxd4 63. f8=Q Kxc5 64.
Qf6 Kxb6 65. Qd4+ Kc7 66. Ne6+ Kb8 67. Qd8+ Ka7 68. Qa5+ Kb8 69. Kd8 Bd5 70. Nc5 Bc6 71. Qc7+ Ka7 72. Qa5+ Kb8 73. Nd7+ Bxd7 74. Kxd7 b6 75.
Qxb6+ Ka8 76. Qb1 Ka7 77. h4 Ka6 78. Kc6 Ka5 79. h5 Ka4 80. h6 Ka3 81. h7 Ka4 82. Qb7 Ka3 83. h8=Q Ka4 84. Qha8# 1-0

[Event "Late-Titled-Tuesday-Blitz-September-26-2023"]
[Site "Chess.com"]
[Date "2023.09.26"]
[Round "5"]
[White "ErikRonka"]
[Black "traack"]
[Result "1-0"]
[WhiteElo "2493"]
[BlackElo "2394"]
[TimeControl "180+1"]
[EndTime "14:56:34 PDT"]
[Termination "ErikRonka won by resignation"]

1. e4 c5 2. a3 d5 3. exd5 Qxd5 4. Nc3 Qd8 5. b4 e6 6. Nf3 Nf6 7. Bb5+ Bd7 8. Qe2 Nc6 9. O-O cxb4 10. axb4 Bxb4 11. Bb2 O-O 12. Ne4 Be7 13. d4 a6 14.
Ba4 Nxe4 15. Qxe4 Bf6 16. c4 Ne7 17. Bc2 g6 18. Ne5 Bc6 19. Nxc6 Nxc6 20. Rad1 Qb6 21. Ba1 Rad8 22. d5 Bxa1 23. dxc6 Bd4 24. cxb7 e5 25. Rb1 Qc7 26. Bd3 Rb8 27. Rb3 a5 28. Rfb1 Rfd8 29. Qe2 f5 30. Rb5 a4 31. Qa2 e4 32.
Bf1 Bc5 33. Qxa4 Rd2 34. Qa5 Bxf2+ 35. Kh1 Qf4 36. c5 e3 37. c6 Rc2 38. c7 Qxc7 39. Qa4 e2 40. Bxe2 Rc1+ 41. Bf1 Rxb1 42. Rxb1 Kg7 43.
Qb3 Kh6 44. h3 Bg3 45. Be2 Be5 46. Bf3 Kg5 47. Qe3+ Bf4 48. Qe2 Kf6 49. Re1 Kg7 50. Qe7+ Qxe7 51. Rxe7+ Kf6 52. Rd7 h5 53. Rd5 g5 54.
Rb5 g4 55. hxg4 hxg4 56. Bd5 Kg5 57. Bc6 Bg3 58. Kg1 Rd8 59. Kf1 Kf4 60. Ke2 Rb8 61. Bd7 Kg5 62. Bxf5 Kf6 63. Bxg4 Be5 64. Bf3 Ke7 65. Ke3 Kd7 66. Rxe5 Kd6 67. Re4 Kc6 68.
Rd4+ Kc5 69. g4 Re8+ 70. Re4 Rf8 71. Rf4 Re8+ 72. Be4 Rd8 73. g5 Kb6 74. Rf6+ Ka7 75. Kf4 Re8 76. g6 Rg8 77. Rf7 Rxg6 78. Bxg6 1-0

[Event "Late-Titled-Tuesday-Blitz-September-26-2023"]
[Site "Chess.com"]
[Date "2023.09.26"]
[Round "5"]
[White "Fandorine"]
[Black "FairChess_on_YouTube"]
[Result "0-1"]
[WhiteElo "2945"]
[BlackElo "3103"]
[TimeControl "180+1"]
[EndTime "14:56:38 PDT"]
[Termination "FairChess_on_YouTube won on time"]

1. e4 e6 2. d3 d5 3. Nd2 Nc6 4. Ngf3 Nf6 5. Be2 Bd6 6. O-O O-O 7. c3 Bf4 8. Qc2 e5 9. Re1 Bg4 10. h3 Bh5 11. Bf1 Re8 12. g3 Bxd2 13. Nxd2 Qd7 14.
Bg2 Rad8 15. Nb3 dxe4 16. dxe4 Bd1 17. Qd2 Qe6 18. Nc5 Qc8 19. Qg5 b6 20. Be3 Bh5 21. Nb3 Qe6 22. Qh4 Ne7 23. g4 Bg6 24. f3 Nd7 25. Rad1 f6 26. Qf2 Bf7 27. Bf1 Nc6 28. Kh2 Nf8 29. h4 Rxd1 30. Rxd1 Rd8 31. Rxd8 Nxd8 32. h5 Nb7 33. Nc1 h6 34. b3 Nd6 35.
Qd2 Nh7 36. Kg3 Ng5 37. Bxg5 hxg5 38. Nd3 a5 39. Nb2 Qd7 40. Kh2 Qc6 41. c4 Qc5 42. Na4 Qa3 43. Nc3 Qb4 44. Nb1 Qc5 45. Kg2 Kf8 46.
Nc3 Ke7 47. Be2 Qd4 48. Nb1 c5 49. a4 Be8 50. Qc1 Bc6 51. Nc3 Nf7 52. Bf1 Nd8 53.
Ne2 Qd6 54. Ng3 Bd7 55. Ne2 Ne6 56. Kf2 Qd3 57. Nc3 Qd4+ 58. Qe3 Bc6 59. Ne2 Qb2 60. Kg1 Nd4 61. Nxd4 cxd4 62. Qd3 Kd6 63. c5+ bxc5 64. Qc4 Qc3 65. Qg8 Qxf3 66. Qd8+ Bd7 67. Qb8+ Ke7 68. Qb6 Qg3+ 0-1

[Event "Late-Titled-Tuesday-Blitz-September-26-2023"]
[Site "Chess.com"]
[Date "2023.09.26"]
[Round "6"]
[White "SaqoChess_Twitch"]
[Black "JonasGallasch"]
[Result "1-0"]
[WhiteElo "2638"]
[BlackElo "2434"]
[TimeControl "180+1"]
[EndTime "14:59:08 PDT"]
[Termination "SaqoChess_Twitch won by resignation"]

1. d4 Nf6 2. c4 e6 3. Nc3 d5 4.
cxd5 exd5 5. Bg5 c6 6. e3 Bf5 7.
Bd3 Bxd3 8. Qxd3 Be7 9. Nf3 h6 10. Bf4 Nbd7 11. O-O Nh5 12. Be5 Nxe5 13. dxe5 Qc7 14. g4 Qd7 15. Qd4 g6 16. gxh5 Qh3 17.
Qf4 gxh5 18. Qg3 1-0

[Event "Late-Titled-Tuesday-Blitz-September-26-2023"]
[Site "Chess.com"]
[Date "2023.09.26"]
[Round "6"]
[White "FERNANDEZL1983"]
[Black "dadice10"]
[Result "1-0"]
[WhiteElo "2520"]
[BlackElo "2241"]
[TimeControl "180+1"]
[EndTime "14:59:18 PDT"]
[Termination "FERNANDEZL1983 won by resignation"]

1. e4 d5 2. exd5 Nf6 3. Nf3 Nxd5 4. d4 g6 5. Be2 Bg7 6. O-O O-O 7. h3 Nc6 8. c4 Nb6 9. d5 Na5 10. Qc2 Bf5 11. Qd1 Naxc4 12. Nc3 Ne5 13. Nxe5 Bxe5 14.
Bh6 Re8 15. Bf3 Nc4 16. Qb3 Nd2 17. Bxd2 1-0

[Event "Late-Titled-Tuesday-Blitz-September-26-2023"]
[Site "Chess.com"]
[Date "2023.09.26"]
[Round "6"]
[White "ATM622"]
[Black "ferrufino64"]
[Result "1-0"]
[WhiteElo "2432"]
[BlackElo "2202"]
[TimeControl "180+1"]
[EndTime "15:00:29 PDT"]
[Termination "ATM622 won by checkmate"]

1. d4 d5 2. c4 e6 3. Nf3 Nf6 4.
Nbd2 Be7 5. g3 O-O 6. Bg2 b6 7. O-O Bb7 8. Qc2 dxc4 9. Nxc4 Nbd7 10. Nce5 c5 11. Rd1 Qc8 12. Bg5 Nxe5 13. dxe5 Nd5 14.
Rxd5 Bxg5 15. Nxg5 g6 16. Rd6 Bxg2 17. Kxg2 h5 18. Rxe6 Qb7+ 19. Kg1 fxe6 20. Qxg6+ Qg7 21. Qxg7+ Kxg7 22. Nxe6+ Kf7 23. Nxf8 Rxf8 24. Rd1 Ke6 25. f4 c4 26. e4 Rc8 27. Rd6+ Ke7 28. f5 b5 29. f6+ Kf7 30. Rd7+ Ke6 31. Re7# 1-0

[Event "Late-Titled-Tuesday-Blitz-September-26-2023"]
[Site "Chess.com"]
[Date "2023.09.26"]
[Round "6"]
[White "Horokoskii"]
[Black "dzilleruelo"]
[Result "1-0"]
[WhiteElo "2114"]
[BlackElo "2295"]
[TimeControl "180+1"]
[EndTime "15:00:30 PDT"]
[Termination "Horokoskii won by resignation"]

1. c4 e5 2. Nc3 Nf6 3. Nf3 Nc6 4. e4 Bc5 5. Nxe5 Nxe5 6. d4 Bd6 7. dxe5 Bxe5 8. Bd3 h6 9. O-O O-O 10. Ne2 c6 11. f4 Bc7 12. e5 Nh7 13. Qc2 g6 14. Rf3 Kg7 15. f5 Ng5 16. f6+ Kg8 17. Bxg5 hxg5 18.
Bxg6 Bxe5 19. Bh7+ Kh8 20. Rh3 Bxf6 21. Bg8+ 1-0

[Event "Late-Titled-Tuesday-Blitz-September-26-2023"]
[Site "Chess.com"]
[Date "2023.09.26"]
[Round "6"]
[White "Sanan_Sjugirov"]
[Black "lamomiajunior"]
[Result "1-0"]
[WhiteElo "2976"]
[BlackElo "2744"]
[TimeControl "180+1"]
[EndTime "15:00:57 PDT"]
[Termination "Sanan_Sjugirov won by resignation"]

1. e4 c6 2. d4 d5 3. e5 Bf5 4. Nd2 e6 5. Nb3 a6 6. Nf3 Nd7 7. c3 c5 8. dxc5 Nxc5 9. Be3 Rc8 10. Be2 Ne4 11. O-O Ne7 12. Nfd4 Bg6 13. f3 Nc5 14.
Nxc5 Rxc5 15. Nxe6 fxe6 16. Bxc5 Nf5 17. Bf2 Qg5 18.
Qc1 Qh5 19. g4 Qh3 20. gxf5 Bxf5 21. Qg5 Be7 22. Qg3 Qh6 23. Rad1 Rf8 24. c4 dxc4 25. Bxc4 g5 26. Bd3 Qg6 27. Bxf5 Rxf5 28. Rc1 h5 29.
Rc8+ Kf7 30. Rc7 h4 31. Qg2 Rf4 32. Bc5 1-0

[Event "Late-Titled-Tuesday-Blitz-September-26-2023"]
[Site "Chess.com"]
[Date "2023.09.26"]
[Round "6"]
[White "Jaka_Brilej"]
[Black "egnfanclub"]
[Result "1-0"]
[WhiteElo "2518"]
[BlackElo "2395"]
[TimeControl "180+1"]
[EndTime "15:01:10 PDT"]
[Termination "Jaka_Brilej won by resignation"]

1. e4 e5 2. Nf3 Nc6 3. Bc4 Nf6 4. d3 Bc5 5. c3 d6 6. O-O a5 7. d4 exd4 8. cxd4 Bb6 9. Nc3 h6 10. h3 O-O 11. e5 dxe5 12. dxe5 Qxd1 13. Rxd1 Nd7 14.
e6 Nde5 15. Nxe5 Nxe5 16. exf7+ Nxf7 17. Bf4 Kh7 18. Nd5 Bxf2+ 19. Kxf2 Nd6 20. Bd3+ Kh8 21. Kg1 1-0

[Event "Late-Titled-Tuesday-Blitz-September-26-2023"]
[Site "Chess.com"]
[Date "2023.09.26"]
[Round "6"]
[White "HamedWafa4"]
[Black "arminmusovic"]
[Result "0-1"]
[WhiteElo "2640"]
[BlackElo "2518"]
[TimeControl "180+1"]
[EndTime "15:01:12 PDT"]
[Termination "arminmusovic won by checkmate"]

1. e4 c6 2. d4 d5 3. e5 c5 4. Nf3 Nc6 5. c4 cxd4 6. Nxd4 e6 7.
Nc3 Bb4 8. Nxc6 bxc6 9. Qa4 Rb8 10. a3 Bxc3+ 11. bxc3 Ne7 12. Be3 O-O 13. c5 Nf5 14.
Bf4 Qe7 15. Qa5 Rb2 16. Bd3 Qh4 17. g3 Qh3 18. Bf1 Qh5 19. Bg2 Qe2# 0-1

[Event "Late-Titled-Tuesday-Blitz-September-26-2023"]
[Site "Chess.com"]
[Date "2023.09.26"]
[Round "6"]
[White "MaxLeto"]
[Black "pirulillo"]
[Result "1-0"]
[WhiteElo "2506"]
[BlackElo "2359"]
[TimeControl "180+1"]
[EndTime "15:01:17 PDT"]
[Termination "MaxLeto won by resignation"]

1. g4 d5 2. Bg2 c6 3. h3 e5 4. d4 e4 5. c4 h5 6. g5 Bd6 7.
Nc3 Ne7 8. Qb3 Nf5 9. cxd5 e3 10. Bxe3 Nxe3 11. fxe3 Bg3+ 12. Kd2 O-O 13. Nf3 Re8 14. g6 Qe7 15. gxf7+ Qxf7 16. Ng5 Qf6 17. Nce4 1-0

[Event "Late-Titled-Tuesday-Blitz-September-26-2023"]
[Site "Chess.com"]
[Date "2023.09.26"]
[Round "6"]
[White "Verony64"]
[Black "PNEPaul"]
[Result "1-0"]
[WhiteElo "2282"]
[BlackElo "1945"]
[TimeControl "180+1"]
[EndTime "15:01:17 PDT"]
[Termination "Verony64 won by resignation"]

1. e4 e5 2. Nc3 Nc6 3. d3 Be7 4.
g3 Nf6 5. Bg2 O-O 6. Nge2 d6 7.
O-O Bd7 8. h3 Qc8 9. Kh2 Nd4 10.
Nxd4 exd4 11. Ne2 c5 12. f4 Bc6 13. f5 Nd7 14. g4 Ne5 15. Ng3 Bh4 16. Nh5 g6 17.
Nf4 Qd7 18. Qe2 Rae8 19. Bd2 Bg5 20. Nd5 Bxd5 21. Bxg5 Bc6 22. Bh6 d5 23. Bxf8 Rxf8 24.
exd5 Bxd5 25. Qxe5 Bxg2 26. Kxg2 Re8 27. Qf4 Qd5+ 28.
Qf3 Re2+ 29. Rf2 1-0

[Event "Late-Titled-Tuesday-Blitz-September-26-2023"]
[Site "Chess.com"]
[Date "2023.09.26"]
[Round "6"]
[White "CheckThis4"]
[Black "eCztery"]
[Result "1-0"]
[WhiteElo "2679"]
[BlackElo "2430"]
[TimeControl "180+1"]
[EndTime "15:01:32 PDT"]
[Termination "CheckThis4 won by resignation"]

1. e4 c5 2. Nf3 g6 3. d4 cxd4 4. Nxd4 Nc6 5. Nc3 Bg7 6. Be3 Nf6 7. Nxc6 bxc6 8. e5 Ng8 9. Bd4 Qc7 10. Qe2 c5 11. Nb5 Qc6 12. Bc3 Ba6 13. O-O-O Rb8 14. a4 Nh6 15. e6 Bxc3 16. exd7+ Kd8 17. bxc3 Nf5 18. Qe5 1-0

[Event "Late-Titled-Tuesday-Blitz-September-26-2023"]
[Site "Chess.com"]
[Date "2023.09.26"]
[Round "6"]
[White "DuleMudule"]
[Black "Jospem"]
[Result "0-1"]
[WhiteElo "2802"]
[BlackElo "2992"]
[TimeControl "180+1"]
[EndTime "15:01:37 PDT"]
[Termination "Jospem won by resignation"]

1. d4 Nf6 2. Bg5 Ne4 3. h4 h6 4. Bf4 d5 5. Nd2 Nf6 6. e3 Bf5 7. f3 e6 8. g4 Bg6 9. Ne2 c5 10. Bxb8 Rxb8 11. Nf4 Qc7 12. Bb5+ Nd7 13. Nxg6 fxg6 14.
c3 Kf7 15. Bxd7 Qxd7 16. f4 Bd6 17. Nf3 cxd4 18. cxd4 Rbc8 19. a3 Qb5 20. Rh2 Rc7 21. Rd2 Rhc8 22. Kf2 a5 23. Kg2 Kg8 24. Qb1 Qe8 25. Qd3 a4 26. Rh1 b5 27. h5 gxh5 28. Rxh5 b4 29. axb4 Bxb4 30. Rf2 a3 31. bxa3 Rc3 32. Qb1 Bxa3 33. g5 Qxh5 0-1

[Event "Late-Titled-Tuesday-Blitz-September-26-2023"]
[Site "Chess.com"]
[Date "2023.09.26"]
[Round "6"]
[White "Balla_Tamas"]
[Black "vova-79"]
[Result "1/2-1/2"]
[WhiteElo "2431"]
[BlackElo "2609"]
[TimeControl "180+1"]
[EndTime "15:01:38 PDT"]
[Termination "Game drawn by agreement"]

1. e4 c6 2. d4 d5 3. exd5 cxd5 4.
c4 Nf6 5. Nc3 g6 6. Qb3 Bg7 7.
cxd5 O-O 8. g3 e6 9. Bg2 Nxd5 10.
Nxd5 exd5 11. Ne2 Nc6 12. O-O Nxd4 13. Nxd4 Bxd4 14. Rd1 Qb6 15. Qxb6 Bxb6 16. Bxd5 Bg4 17. Re1 Rfd8 18. Bxb7 Rab8 19. Be4 Bd4 20. Be3 Bxe3 21. Rxe3 Rxb2 22. Rb3 Rdd2 23. Rxb2 Rxb2 24. Bd5 Be6 25. Bxe6 fxe6 1/2-1/2

[Event "Late-Titled-Tuesday-Blitz-September-26-2023"]
[Site "Chess.com"]
[Date "2023.09.26"]
[Round "6"]
[White "amanmuhammethommadov"]
[Black "garfield_pg"]
[Result "1-0"]
[WhiteElo "2598"]
[BlackElo "2398"]
[TimeControl "180+1"]
[EndTime "15:01:41 PDT"]
[Termination "amanmuhammethommadov won by resignation"]

1. e4 c5 2. Nf3 Nc6 3. Bb5 g6 4. Bxc6 dxc6 5. d3 Bg7 6. h3 Nf6 7. Nc3 Nd7 8. Be3 e5 9. Qd2 Qe7 10. O-O Nf8 11. a3 Ne6 12. b4 O-O 13. Na4 cxb4 14.
axb4 Bd7 15. Qc3 f6 16. Nc5 b6 17. Nxd7 Qxd7 18. Ra6 Nc7 19. Ra2 Nb5 20. Qb3+ Kh8 21. c4 Qf7 22. Rfa1 f5 23. Qc2 fxe4 24. Ng5 Qd7 25.
cxb5 exd3 26. Qxc6 1-0

[Event "Late-Titled-Tuesday-Blitz-September-26-2023"]
[Site "Chess.com"]
[Date "2023.09.26"]
[Round "6"]
[White "DrCeltic"]
[Black "Korchmar_Vasiliy"]
[Result "0-1"]
[WhiteElo "2458"]
[BlackElo "2688"]
[TimeControl "180+1"]
[EndTime "15:01:47 PDT"]
[Termination "Korchmar_Vasiliy won by resignation"]

1. e4 c5 2. Nf3 d6 3. d4 cxd4 4. Nxd4 Nf6 5. Nc3 Nc6 6. Bc4 Qb6 7. Nb3 e6 8. Be3 Qc7 9. Bd3 a6 10. f4 b5 11. Qf3 Bb7 12. O-O-O Nb4 13. Kb1 Be7 14. a3 Nxd3 15. cxd3 O-O 16. g4 d5 17. g5 dxe4 18. Nxe4 Nxe4 19. dxe4 Qc6 20. Nd2 b4 21. Rc1 Qb5 22. Qf1 Qd7 23. a4 Qxa4 24. Rc7 b3 25. Rxb7 Qa2+ 26. Kc1 Qa1+ 27. Nb1 Rac8+ 28.
Kd2 Qxb2+ 29. Kd3 Qc2+ 30. Kd4 0-1

[Event "Late-Titled-Tuesday-Blitz-September-26-2023"]
[Site "Chess.com"]
[Date "2023.09.26"]
[Round "6"]
[White "YellowJacek"]
[Black "Roenko_Artur"]
[Result "0-1"]
[WhiteElo "2323"]
[BlackElo "2462"]
[TimeControl "180+1"]
[EndTime "15:01:49 PDT"]
[Termination "Roenko_Artur won by resignation"]

1. e4 e6 2. d4 d5 3. Nd2 Nc6 4.
Ngf3 Nf6 5. e5 Nd7 6. c3 f6 7. Bb5 Be7 8. O-O O-O 9. Bxc6 bxc6 10. Re1 c5 11. exf6 Nxf6 12. Ne5 Bd6 13. Ndf3 cxd4 14.
Nxd4 c5 15. Nb5 Bb8 16. Bg5 Qb6 17. Qe2 Ne4 18. Be7 Rxf2 19. Qh5 c4 20. Qe8+ Rf8+ 0-1

[Event "Late-Titled-Tuesday-Blitz-September-26-2023"]
[Site "Chess.com"]
[Date "2023.09.26"]
[Round "6"]
[White "mishanick"]
[Black "Druid24"]
[Result "1-0"]
[WhiteElo "3095"]
[BlackElo "2705"]
[TimeControl "180+1"]
[EndTime "15:01:58 PDT"]
[Termination "mishanick won by resignation"]

1. d4 Nf6 2. c4 g6 3. Nc3 Bg7 4. e4 d6 5. Bd3 O-O 6. Nge2 e5 7. d5 Nbd7 8. f3 Nc5 9. Bc2 a5 10. Be3 b6 11. Qd2 Bd7 12. g4 h5 13. h3 c6 14. dxc6 Bxc6 15. O-O-O Nb7 16. Kb1 a4 17. Rhg1 h4 18. Bg5 Qc8 19. Bxh4 a3 20. b3 Nd7 21.
Bf2 Ndc5 22. h4 Ne6 23. Bxb6 Ra6 24. Be3 Nbc5 25. h5 Qb7 26. Bh6 Rb8 27. Bxg7 Kxg7 28.
hxg6 fxg6 29. Qxd6 Ba4 30. Qxe5+ Kf7 31. Rh1 1-0

[Event "Late-Titled-Tuesday-Blitz-September-26-2023"]
[Site "Chess.com"]
[Date "2023.09.26"]
[Round "6"]
[White "Eloist"]
[Black "Vadim_Biliy"]
[Result "1-0"]
[WhiteElo "2486"]
[BlackElo "2309"]
[TimeControl "180+1"]
[EndTime "15:02:03 PDT"]
[Termination "Eloist won by resignation"]

1. e4 d6 2. d4 Nf6 3. Nc3 g6 4.
Nf3 Bg7 5. Be2 O-O 6. O-O Nc6 7. d5 Nb8 8. Re1 c6 9. h3 a5 10. Bf1 Na6 11. dxc6 bxc6 12. e5 Ne8 13. Bg5 f6 14.
exf6 exf6 15. Bf4 d5 16. Nd4 Qb6 17. Na4 Qb7 18. c4 Nac7 19. Re7 Qb4 20. Nxc6 Qb7 21. cxd5 Rf7 22. Rxf7 1-0

[Event "Late-Titled-Tuesday-Blitz-September-26-2023"]
[Site "Chess.com"]
[Date "2023.09.26"]
[Round "6"]
[White "jaskol95"]
[Black "Hrant_ChessMood"]
[Result "0-1"]
[WhiteElo "2625"]
[BlackElo "2900"]
[TimeControl "180+1"]
[EndTime "15:02:06 PDT"]
[Termination "Hrant_ChessMood won by checkmate"]

1. e4 c5 2. Nf3 Nc6 3. b4 cxb4 4. d4 g6 5. a3 Bg7 6. axb4 Nxb4 7. c3 Nc6 8. Bc4 d6 9. O-O Nf6 10. Re1 O-O 11.
h3 Nxe4 12. Rxe4 d5 13. Bxd5 Qxd5 14. Qe2 Bf5 15. Re3 Rfe8 16. c4 Nxd4 17. Nxd4 Qxd4 18. Nc3 Rad8 19. Ra5 Bd3 20. Rxd3 Qxd3 21. Qxd3 Rxd3 22.
Ne2 Rd1+ 23. Kh2 Re1 24. Ra2 Rc8 25. Be3 Rxc4 26. Rxa7 Be5+ 27. Ng3 Rxe3 28. fxe3 Rb4 29. h4 Rxh4+ 30. Kg1 Bxg3 31. Kf1 Rb4 32. Ke2 h5 33. Kf3 h4 34. Ra8+ Kg7 35. e4 f5 36.
Re8 Rb3+ 37. Ke2 Kf6 38. exf5 gxf5 39. Rf8+ Ke5 40. Re8 e6 41. Rg8 Rb2+ 42. Ke3 Rxg2 43. Kf3 Rf2+ 44. Ke3 f4+ 45. Kd3 h3 46. Rh8 h2 47.
Kc3 Ke4 48. Kb3 e5 49. Ka3 Rf1 50. Rc8 h1=Q 51. Rc4+ Kf5 52. Rc2 Qd5 53. Kb2 Qb5+ 54. Kc3 Rf3+ 55. Kd2 Rd3+ 56. Ke2 f3+ 57. Kf1 Rd1# 0-1

[Event "Late-Titled-Tuesday-Blitz-September-26-2023"]
[Site "Chess.com"]
[Date "2023.09.26"]
[Round "6"]
[White "DanielNaroditsky"]
[Black "TigrVShlyape"]
[Result "1/2-1/2"]
[WhiteElo "3135"]
[BlackElo "2977"]
[TimeControl "180+1"]
[EndTime "15:02:10 PDT"]
[Termination "Game drawn by agreement"]

1. e4 c5 2. Nf3 e6 3. d4 cxd4 4.
Nxd4 a6 5. Bd3 Bc5 6. Nb3 Ba7 7.
Qe2 d6 8. Nc3 Ne7 9. Be3 b5 10.
O-O e5 11. Bxa7 Rxa7 12. f4 exf4 13. e5 Nbc6 14. exd6 Qxd6 15. Rad1 Qe5 16. Qf2 O-O 17. Rde1 Qg5 18. Ne4 Qh6 19. Qxf4 Qxf4 20. Rxf4 Nd5 21. Rff1 Ndb4 22. Nbc5 Nxd3 23. Nxd3 a5 24. Nd6 b4 25.
Nc5 Rc7 26. Nb5 Re7 27. Rxe7 Nxe7 28. Re1 Nc6 29. Nd6 g6 30. c3 bxc3 31. bxc3 Rd8 32. Nxc8 Rxc8 33. Ne4 Rd8 1/2-1/2